AoeStats
← Iamak3186

Arabia

504041955Analyzed
1v1 RM · 1mo ago on Sep 3, 2026· 60m 36s· 2 players
Game mode
Random Map
Map size
Tiny (2 player)
Population
200
Speed
Normal
Resources
Standard
Victory
Conquest
Starting age
Dark Age
Ending age
Imperial Age
RankedLock teamsTeams togetherTeam positionsShared explorationLock speedFull tech treeHidden civsTurbo modeCheats
Victory
Defeat
🇮🇳 Mongols · India
1244
+16
🇺🇸 Tatars · United States
1247
-16
Iamak3186
5:15 Loom
7:56 Feudal Age
8:47 Double-Bit Axe
12:37 Horse Collar
19:49 Castle Age
18:51 Gold Mining
19:16 Bloodlines
20:01 Scale Barding Armor
20:57 Bow Saw
26:01 Fletching
26:33 Chain Barding Armor
26:08 Fletching
27:04 Elite Skirmisher
29:34 Wheelbarrow
28:44 Town Watch
29:11 Bodkin Arrow
29:56 Padded Archer Armor
29:56 Stone Mining
31:10 Heavy Plow
36:42 Imperial Age
34:29 Hand Cart
35:14 Ballistics
36:20 Leather Archer Armor
36:16 Forging
36:46 Stone Shaft Mining
37:27 Bracer
38:32 Chemistry
37:45 Heavy Camel Rider
40:12 Iron Casting
39:29 Light Cavalry
40:10 Husbandry
43:30 Conscription
44:13 Hussar
50:33 Guard Tower
52:04 Siege Engineers
ToadhopperBBQ
6:22 Loom
9:17 Feudal Age
11:00 Double-Bit Axe
11:17 Town Watch
11:51 Horse Collar
18:04 Wheelbarrow
22:32 Castle Age
21:08 Gold Mining
21:40 Bloodlines
21:44 Padded Archer Armor
22:17 Fletching
24:01 Gold Shaft Mining
24:09 Bow Saw
24:40 Bodkin Arrow
24:47 Crossbowman
29:10 Hand Cart
31:02 Stone Mining
32:51 Leather Archer Armor
33:00 Ballistics
36:47 Imperial Age
35:09 Husbandry
34:30 Light Cavalry
35:23 Scale Barding Armor
37:37 Chain Barding Armor
37:28 Forging
37:54 Bracer
39:02 Chemistry
38:22 Silk Armor
38:45 Conscription
38:57 Heavy Plow
39:12 Hussar
43:22 Heavy Camel Rider
45:13 Forging
45:48 Heavy Cavalry Archer
47:10 Timurid Siegecraft
47:53 Plate Barding Armor
47:54 Iron Casting
47:50 Ring Archer Armor
52:58 Blast Furnace
51:51 Capped Ram
60:17 Crop Rotation
Connection lost

Rejoining the realm…

Still unreachable

The connection could not be restored.

Session expired

The server has moved on; the page needs a fresh start.